 Dungeon Crawl Stone Soup version 0.31-b1-18-g61460d1e46 (webtiles) character file.

Game seed: 5920507722594266456

153 PaiMei the Purveyor of Pain (level 5, -1/37 HPs)
             Began as a Demonspawn Necromancer on Jan 16, 2024.
             Was an Initiate of Kikubaaqudgha.
             Killed by divine providence
             ... invoked by an orc priest
              (10 damage)
             ... on level 4 of the Dungeon.
             The game lasted 00:04:47 (2463 turns).

PaiMei the Purveyor of Pain (DsNe)                  Turns: 2463, Time: 00:04:47

Health: -1/37      AC:  2    Str:  8    XL:     5   Next: 12%
Magic:  5/9        EV: 12    Int: 18    God:    Kikubaaqudgha [......]
Gold:   119        SH:  0    Dex: 13    Spells: 9/10 levels left

rFire   . . .        j - +0 hand axe (drain)
rCold   . . .        (no shield)
rNeg    . . .        a - +0 robe
rPois   .            (helmet restricted)
rElec   .            (no cloak)
rCorr   .            (no gloves)
SInv    .            (no boots)
Will    .....        (no amulet)
Stlth   ++           (no ring)
HPRegen 0.26/turn    (no ring)
MPRegen 0.11/turn

%: no passive effects
@: no status effects
A: horns 1, ignite blood 1, spiny 1
a: Renounce Religion


You were on level 4 of the Dungeon.
You worshipped Kikubaaqudgha.
Kikubaaqudgha was noncommittal.
You visited 1 branch of the dungeon, and saw 4 of its levels.

You collected 119 gold pieces.

Inventory:

Hand Weapons
 d - a +0 short sword
 j - a +0 hand axe of draining (weapon)
 p - a +1 dagger of venom
Armour
 a - a +0 robe (worn)
 q - a +0 helmet
Jewellery
 m - a ring of protection from cold
 t - a ring of wizardry
Talismans
 r - a blade talisman
Wands
 u - a wand of flame (10)
Scrolls
 g - 4 scrolls of poison {unknown}
 h - a scroll of teleportation {unknown}
 i - 9 scrolls of identify {unknown}
 k - 3 scrolls of amnesia {unknown}
 n - a scroll of immolation {unknown}
 s - a scroll of fog {unknown}
 w - a scroll of fear {unknown}
Potions
 b - a potion of magic
 c - a potion of brilliance {unknown}
 e - a potion of berserk rage {unknown}
 f - 2 potions of curing {unknown}
 l - a potion of cancellation {unknown}
 o - 2 potions of enlightenment {unknown}
 v - a potion of invisibility {unknown}
 x - a potion of degeneration {unknown}


   Skills:
 + Level 1.0 Fighting
 + Level 2.9 Dodging
 - Level 2.7 Stealth
 + Level 3.0 Spellcasting
 + Level 5.1 Necromancy


You had 9 spell levels left.
You knew the following spells:

 Your Spells              Type           Power      Damage    Failure   Level
a - Necrotise             Necr           84%        1d8       1%          1

Your spell library contained the following spells:

 Spells                   Type           Power      Damage    Failure   Level
 Vampiric Draining        Necr           21%        2d7       6%          3
 Animate Dead             Necr           21%        N/A       21%         4
 Curse of Agony           Necr           21%        N/A       50%         5


Dungeon Overview and Level Annotations

Branches:
Dungeon (4/15)
 Temple: D:4-7

Altars:
Kikubaaqudgha

Shops:
D:1 *((


Innate Abilities, Weirdness & Mutations

You have a pair of small horns on your head.
Your demonic aura sometimes causes spilled blood to erupt in flames.
You are partially covered in sharp spines.


Message History

Your orc skeleton barely misses the orc.
The orc is struck by your spines. The orc hits you with a +0 falchion!
Casting: Necrotise (safe; 1% risk of failure)
Confirm with . or Enter, or press ? or * to list all spells.
Aiming: Necrotise (safe; 1% risk of failure)
Press: ? - help, Shift-Dir - straight line, f/p - orc
Aim: an orc, wielding a +0 whip (lightly wounded, ally target, chance to affect: 90%)
The orc writhes in agony!
You kill the orc!
Kikubaaqudgha accepts your kill.
The dead are walking!
The orc priest calls upon Beogh to heal the orc.
The orc's wounds heal themselves!
The orc is struck by your spines. The orc barely misses you.
Your Fighting skill increases to level 1!
Casting: Necrotise (safe; 1% risk of failure)
Confirm with . or Enter, or press ? or * to list all spells.
Aiming: Necrotise (safe; 1% risk of failure)
Press: ? - help, Shift-Dir - straight line, f - orc
Aim: an orc, wielding a +0 falchion and wearing a +0 leather armour (severely wounded, ally target, chance to affect: 90%)
The orc writhes in agony.
You kill the orc!
Kikubaaqudgha accepts your kill.
The dead are walking!
The orc priest hits your orc skeleton with a +0 club.
A gnoll comes into view. It is wielding a +0 whip.
Your orc skeleton barely misses the orc priest.
The orc priest hits your orc skeleton with a +0 club.
The gnoll attacks as it pursues you!
The gnoll hits you from afar with a +0 halberd.
Your orc skeleton hits the orc priest. x2
The orc priest invokes the aid of Beogh against you.
Beogh smites you!
* * * LOW HITPOINT WARNING * * *
Your orc skeleton barely misses the orc priest.
Your orc skeleton closely misses the orc priest.
The orc priest invokes the aid of Beogh against you.
Beogh smites you!
You die...
Kikubaaqudgha rasps: "You have failed me!
Welcome... death!"

.#####...######
..............# .....o.....
..gZZ.. #.Z)# #)g.# #...#
#...# ####.@.# ##.###.##
##...#...## ##.........####
## ###.............# .
#...............# .#
#.#.............######.####
#...##.##..................
##.###.##.......##.#.##.###


You could see an orc priest (ally target), 2 gnolls and 3 friendly orc
skeletons.

Vanquished Creatures
  Terence (D:2)
  An orc wizard (D:3)
  Robin (D:2)
  4 adders
  5 orcs
  5 endoplasms
  11 goblins
  7 hobgoblins
  5 kobolds
  6 ball pythons
  A bat (D:2)
  2 frilled lizards
  A rat (D:1)
50 creatures vanquished.

Vanquished Creatures (collateral kills)
  A goblin (D:1)
1 creature vanquished.

Grand Total: 51 creatures vanquished

Notes
Turn   | Place    | Note
-------+----------+-------------------------------------------
     0 | D:1      | PaiMei the Demonspawn Necromancer began the quest for the
                  | Orb.
     0 | D:1      | Reached XP level 1. HP: 13/13 MP: 3/3
   102 | D:1      | Found Zotyk's Weapon Shoppe.
   135 | D:1      | Found Etierch's Weapon Boutique.
   386 | D:1      | Gained mutation: You are partially covered in sharp spines.
                  | [demonic ancestry]
   386 | D:1      | Reached XP level 2. HP: 19/19 MP: 3/5
   414 | D:1      | Found Pynirgh's Assorted Antiques.
   435 | D:1      | You fall into a shaft and drop 1 floor!
   507 | D:2      | Noticed Terence
   522 | D:2      | Killed Terence
   523 | D:2      | Reached XP level 3. HP: 10/24 MP: 0/6
   755 | D:2      | Found a faded altar of an unknown god.
   799 | D:2      | Noticed Robin
   861 | D:2      | Gained mutation: Your demonic aura sometimes causes spilled
                  | blood to erupt in flames. [demonic ancestry]
   861 | D:2      | Reached XP level 4. HP: 24/30 MP: 1/7
   866 | D:2      | Killed Robin
  1732 | D:3      | Reached skill level 5 in Necromancy
  1843 | D:3      | Gained mutation: You have a pair of small horns on your
                  | head. [demonic ancestry]
  1843 | D:3      | Reached XP level 5. HP: 25/36 MP: 4/9
  1916 | D:3      | Identified the +0 plate armour of Bequeathed Birdsong {+Inv
                  | Will+ rCorr Stlth+}
  1930 | D:3      | Found an ancient bone altar of Kikubaaqudgha.
  1998 | D:3      | Became a worshipper of Kikubaaqudgha
  2460 | D:4      | Reached skill level 1 in Fighting
  2463 | D:4      | Killed from afar by an orc priest

Illustrated notes

Levels and vault maps discovered:
D:1:      dpeg_arrival_fog, layout_rooms, serial_shops, shop,
          nicolae_shop_tiny_glass, shop, shop, nicolae_diamond_shop,
          grunt_decor_fettered, nicolae_titane
D:2:      layout_basic, hellmonk_ecumenical_altar_pennies_from_heaven,
          uniq_terence, uniq_robin
D:3:      layout_basic, mainiacjoe_overflow_alcove_2, minmay_ruptured
D:4:      layout_loops_cross, mainiacjoe_overflow_paths,
          minmay_temple_entry_trees, serial_park_tiny_2, kennysheep_cross_room

Skill      XL: |  1  2  3  4  5 |
---------------+----------------+-----
Stealth        | 2 |  2.7
Dodging        | 2 |  2.9
Necromancy     | 5 |  5.1
Spellcasting   | 3 |  3.0
Fighting       | 1 |  1.0

Action                     |  1- 3 |  4- 6 || total
---------------------------+-------+-------++-------
  Melee: Short sword       |     9 |       ||     9
         Hand axe          |     6 |    11 ||    17
   Cast: Necrotise         |    38 |    42 ||    80
 Armour: Robe              |    16 |    11 ||    27
  Dodge: Dodged            |    18 |     9 ||    27
